 Dungeon Crawl Stone Soup version 0.31-a0-590-g8a5a4361df (webtiles) character file.

Game seed: 15368830284542655984

29268 mdonais the Skirmisher (level 13, -3/97 HPs)
             Began as an Octopode Hunter on Aug 19, 2023.
             Was a Believer of Uskayaw.
             Killed themself with a badly aimed concussive blast (14 damage)
             ... on level 2 of the Orcish Mines.
             The game lasted 00:58:21 (15901 turns).

mdonais the Skirmisher (Octopode Hunter)           Turns: 15901, Time: 00:58:22

Health: -3/97      AC:  1    Str: 10    XL:     13   Next: 44%
Magic:  24/28      EV: 18    Int: 13    God:    Uskayaw [**....]
Gold:   1423       SH:  0    Dex: 19    Spells: 3/18 levels left

rFire   . . .        a - +9 sling "Aubergine" {freeze, Contam rC++ Stlth+}
rCold   + + .        (no shield)
rNeg    . . .        (helmet restricted)
rPois   .            r - amulet of regeneration
rElec   .            q - ring of magical power
rCorr   .            y - +4 ring of slaying
SInv    .            J - ring of wizardry
Will    .....        (no ring)
Stlth   ++++++       (no ring)
HPRegen 1.16/turn    (no ring)
MPRegen 0.21/turn    (no ring)
                     (no ring)

%: wizardry (x1)
@: no status effects
A: almost no armour, amphibious, 8 rings, camouflage 1, gelatinous body 1,
(nimble swimmer 1), tentacles
a: Renounce Religion, Stomp, Line Pass


You were on level 2 of the Orcish Mines.
You worshipped Uskayaw.
Uskayaw was aware of your devotion.
You visited 3 branches of the dungeon, and saw 17 of its levels.

You collected 1423 gold pieces.

Inventory:

Hand Weapons
 a - the +9 sling "Aubergine" (weapon) {freeze, Contam rC++ Stlth+}
   (You found it on level 2 of the Dungeon)

   rC++:      It greatly protects you from cold.
   Contam:    It causes magical contamination when unequipped.
   Stlth+:    It makes you more stealthy.
 l - a +0 orcbow
   (You took it off a wight on level 8 of the Dungeon)
 z - a +5 dagger
   (You took it off a wight on level 7 of the Dungeon)
Missiles
 s - 40 poisoned darts
 t - 11 boomerangs
 v - 6 javelins
 F - 8 curare-tipped darts
 Z - 2 throwing nets {=!f}
Armour
 C - an orb of mayhem
   (You found it on level 2 of the Lair of Beasts)
Jewellery
 b - a ring of ice
   (You found it on level 10 of the Dungeon)
 q - a ring of magical power (left tentacle)
   (You found it on level 7 of the Dungeon)
 r - an amulet of regeneration (around mantle)
   (You found it on level 2 of the Lair of Beasts)
 y - a +4 ring of slaying (right tentacle)
   (You found it on level 2 of the Lair of Beasts)
 J - a ring of wizardry (on tentacle)
   (You found it on level 4 of the Lair of Beasts)
Talismans
 G - a storm talisman
   (You found it on level 3 of the Lair of Beasts)
Wands
 x - a wand of charming (9)
   (You took it off an orc on level 8 of the Dungeon)
 B - a wand of mindburst (6)
   (You found it on level 9 of the Dungeon)
 E - a wand of polymorph (8)
   (You found it on level 3 of the Lair of Beasts)
 I - a wand of iceblast (31)
   (You found it on level 8 of the Dungeon)
 V - a wand of flame (28)
   (You found it on level 3 of the Dungeon)
Scrolls
 c - 3 scrolls of butterflies
 g - a scroll of fog
 i - 2 scrolls of enchant weapon
 k - 4 scrolls of enchant armour
 n - 3 scrolls of poison
 o - 8 scrolls of vulnerability
 w - a scroll of immolation
 D - 3 scrolls of silence {unknown}
 T - 10 scrolls of teleportation
Potions
 d - 2 potions of heal wounds
 e - 4 potions of might
 f - a potion of berserk rage
 h - 3 potions of resistance {unknown}
 j - a potion of ambrosia
 m - 4 potions of attraction {unknown}
 p - a potion of cancellation
 u - 2 potions of brilliance {unknown}
 A - 4 potions of enlightenment {unknown}
 H - 2 potions of haste
 Q - 4 potions of curing


   Skills:
 - Level 12.0 Fighting
 - Level 14.0 Ranged Weapons
 - Level 8.0 Dodging
 - Level 7.0 Stealth
 - Level 3.1 Spellcasting
 - Level 1.1 Necromancy
 + Level 2.9 Translocations
 + Level 2.9 Fire Magic
 - Level 1.1 Earth Magic
 - Level 9.0 Invocations
 - Level 3.0 Evocations


You had 3 spell levels left.
You knew the following spells:

 Your Spells              Type           Power      Damage    Failure   Level
a - Borgnjor's Vile Clut  Necr/Erth      2%         N/A       80%         5
b - Animate Dead          Necr           5%         N/A       45%         4
c - Vampiric Draining     Necr           5%         2d6       16%         3
d - Volatile Blastmotes   Fire/Tloc      18%        2d11      9%          3

Your spell library contained the following spells:

 Spells                   Type           Power      Damage    Failure   Level
 Necrotise                Necr           20%        1d5       6%          1
 Ignite Poison            Fire/Tmut/Pois 4%         N/A       17%         3
 Iskenderun's Mystic Bla  Conj/Tloc      5%         2d3       43%         4
 Sticky Flame             Conj/Fire      5%         2d3       43%         4
 Fulminant Prism          Conj/Hex       1%         3d5       63%         4
 Agony                    Necr           5%         N/A       80%         5
 Death Channel            Necr           2%         N/A       100%        6
 Ignition                 Fire           4%         3d4       100%        8


Dungeon Overview and Level Annotations

Branches:
Dungeon (11/15) Zot: 24036  Temple (0/1) D:5            Lair (4/5) D:8 Zot: 20397
 Shoals (0/4) Lair:3        Snake (0/4) Lair:3        Slime (0/5) Lair:4
    Orc (2/2) D:9 Zot: 11358
    Elf: Orc:2

Altars:
Ashenzari
Elyvilon
Gozag
Qazlal
Ru
Uskayaw
Vehumet
Wu Jian
Yredelemnul
The Shining One
Jiyva

Shops:
D:3 [

Annotations:
D:8 2 transporters, Tollund's ghost, novice TrSh


Innate Abilities, Weirdness & Mutations

You cannot wear most types of armour.
You are amphibious.
You can wear up to eight rings at the same time.
Your skin changes colour to match your surroundings (Stealth+).
Your rubbery body absorbs attacks. (AC +1, EV +1)
((You are camouflaged when in or above water. (Stealth+)))
You have tentacles for arms and can constrict up to eight enemies at once.


Message History

You shoot a sling bullet.
The sling bullet hits the saltling but does no damage.
The saltling is moderately damaged.
You shoot a sling bullet.
The sling bullet hits the saltling but does no damage.
The saltling is moderately damaged.
The saltling is no longer sharing its pain.
The saltling misses you.
You shoot a sling bullet.
The sling bullet hits the saltling but does no damage.
The saltling is moderately damaged.
The saltling closely misses you.
You shoot a sling bullet. The sling bullet hits the saltling.
The sling bullet freezes the saltling.
The saltling is moderately damaged.
The saltling barely misses you.
You can now merge with and destroy a victim.
You shoot a sling bullet. The sling bullet hits the saltling.
The sling bullet freezes the saltling.
The saltling is severely damaged.
The saltling hits you!
You take 9 damage, and have 63/97 hp.
You shoot a sling bullet.
The sling bullet hits the saltling but does no damage.
The saltling is severely damaged.
The saltling hits you.
You take 5 damage, and have 58/97 hp.
You shoot a sling bullet. The sling bullet hits the saltling!
The sling bullet freezes the saltling.
You destroy the saltling!
No target in view!
No target in view!
No target in view!
You regained 2 hp, and now have 60/97 hp.
You can no longer merge with and destroy a victim.
You regained 2 hp, and now have 67/97 hp.
A saltling comes into view.
Your line of fire to the saltling is blocked by an orc shaped pillar of salt.
Your line of fire to the saltling is blocked by an orc shaped pillar of salt.
Your line of fire to the saltling is blocked by an orc shaped pillar of salt.
No target in view!
Your line of fire to the saltling is blocked by an orc shaped pillar of salt.
Your line of fire to the saltling is blocked by an orc shaped pillar of salt.
You regained 2 hp, and now have 74/97 hp.
You can no longer pass through a line of other dancers.
No target in view!
You shoot a sling bullet.
The sling bullet hits the saltling but does no damage.
You shoot a sling bullet. The sling bullet hits the saltling!
The sling bullet freezes the saltling.
The saltling is heavily damaged.
You shoot a sling bullet. The sling bullet hits the saltling!
The sling bullet freezes the saltling.
The saltling is almost destroyed.
The saltling hits you.
You can now pass through a line of other dancers.
You take 5 damage, and have 75/97 hp.
You shoot a sling bullet. The sling bullet hits the saltling!
The sling bullet freezes the saltling.
You destroy the saltling!
No target in view!
You regained 2 hp, and now have 77/97 hp.
You can no longer pass through a line of other dancers.
You regained 2 hp, and now have 84/97 hp.
You regained 2 hp, and now have 91/97 hp.
Health restored: 97 An orc knight comes into view.
It is wielding a +0 broad axe.
You shoot a sling bullet.
The sling bullet hits the orc knight but does no damage.
The orc knight shouts!
You shoot a sling bullet.
The sling bullet barely misses the orc knight.
You shoot a sling bullet.
The sling bullet barely misses the orc knight.
You shoot a sling bullet.
The sling bullet hits the orc knight but does no damage.
You shoot a sling bullet. The sling bullet hits the orc knight.
The sling bullet freezes the orc knight.
The orc knight is lightly wounded.
A two-headed ogre comes into view.
It is wielding a +0 dire flail and a +0 giant club.
Casting: Volatile Blastmotes (dangerous; 9% risk of failure)
Confirm with . or Enter, or press ? or * to list all spells.
A cloud of volatile blastmotes flares up around you!
The two-headed ogre shouts in stereo!
You now have 25/28 mp.
The cloud of blastmotes explodes!
The concussive blast engulfs the orc knight!
The orc knight is moderately wounded.
The concussive blast engulfs you!
The concussive blast engulfs the orc shaped pillar of salt!
You destroy the orc shaped pillar of salt!
You are knocked back by the blast.
You hear a shout! x2; You hear two shouts!
You take 12 damage, and have 85/97 hp.
You shoot a sling bullet. The sling bullet hits the orc knight!
The sling bullet freezes the orc knight.
The orc knight is heavily wounded.
You shoot a sling bullet. The sling bullet hits the orc knight.
The sling bullet freezes the orc knight.
The orc knight is heavily wounded.
The orc knight misses you.
You shoot a sling bullet. The sling bullet hits the orc knight!
The sling bullet freezes the orc knight.
The orc knight is severely wounded.
You can now pass through a line of other dancers.
You shoot a sling bullet. The sling bullet hits the orc knight.
The sling bullet freezes the orc knight.
The orc knight is severely wounded.
The orc knight hits you with a +0 broad axe!!
You take 21 damage, and have 66/97 hp.
MASSIVE DAMAGE!!
You shoot a sling bullet. The sling bullet hits the orc knight.
The sling bullet freezes the orc knight.
The orc knight is severely wounded.
The orc knight hits you with a +0 broad axe.
You take 5 damage, and have 61/97 hp.
You shoot a sling bullet. The sling bullet hits the orc knight.
The sling bullet freezes the orc knight.
The orc knight is severely wounded.
The orc knight closely misses you.
You shoot a sling bullet.
The sling bullet closely misses the orc knight.
You shoot a sling bullet.
The sling bullet hits the orc knight but does no damage.
The orc knight is severely wounded.
The orc knight hits you with a +0 broad axe!
You take 12 damage, and have 51/97 hp.
You shoot a sling bullet. The sling bullet hits the orc knight!
The sling bullet freezes the orc knight.
The orc knight is almost dead.
The orc knight barely misses you.
You shoot a sling bullet.
The sling bullet hits the orc knight but does no damage.
The orc knight is almost dead.
The two-headed ogre hits you with a +0 dire flail!
The two-headed ogre closely misses you.
You take 13 damage, and have 39/97 hp.
You are too injured to fight recklessly!
Casting: Volatile Blastmotes (dangerous; 9% risk of failure)
Confirm with . or Enter, or press ? or * to list all spells.
A cloud of volatile blastmotes flares up around you!
The orc knight hits you with a +0 broad axe!
You take 6 damage, and have 33/97 hp.
You now have 24/28 mp.
The orc knight attacks as you move away!
The orc knight hits you with a +0 broad axe!!
* * * LOW HITPOINT WARNING * * *
The cloud of blastmotes explodes!
The concussive blast engulfs the orc knight.
The orc knight is almost dead.
The concussive blast engulfs you!
You die...

.. .. .......O. ...#.
..###. ..#.#..#
........#.....##.....##.
...#.##8.....8...#......
...#.#.................#
..........#..8...##..#..
....#..8...8.#...O# .#
........##......o.##.#..
...#............@.∩.....
.^.#..............∩#.#..
......#....#...........
.....#.#.8..#..##.......
......#8...........^....
..................∩#....
...#..............∩..#..
...##...###..##.......#.
....#....##............


You could see an orc knight and a two-headed ogre.

Vanquished Creatures
  Kirke (Lair:3)
  Erolcha (D:9)
  3 two-headed ogres
  3 death yaks (Lair:1)
  Nergalle (D:10)
  An orc knight (Orc:2)
  An orc sorcerer (Orc:1)
  An ugly thing (D:10)
  An oklob plant (Lair:3)
  A black mamba (Lair:4)
  A gargoyle (D:7)
  4 cane toads
  Maggie (D:6)
  A rime drake (Lair:1)
  9 komodo dragons
  4 trolls
  2 hornets
  Prince Ribbit (D:7)
  5 saltlings (Orc:2)
  8 blink frogs
  A shadow (D:9)
  3 wraiths
  19 yaks
  A spriggan (Lair:2)
  2 wyverns
  Eustachio (D:4)
  A basilisk (Lair:2)
  3 steam dragons
  2 hogs (Lair:3)
  13 water moccasins
  Duvessa (D:6)
  A swamp drake (D:9)
  A hornet zombie (D:6)
  13 orc warriors
  6 centaurs
  2 ogres
  6 wolves
  3 phantoms
  18 bullfrogs
  Blork the orc (D:6)
  2 kobold brigands
  A wyvern zombie (D:6)
  4 scorpions
  A water moccasin zombie (D:6)
  17 wights
  Dowan (D:6)
  7 killer bees
  A water moccasin skeleton (D:6)
  5 howler monkeys
  A jelly (D:5)
  2 electric eels (Lair:3)
  A bullfrog zombie (D:6)
  3 centaur zombies (D:6)
  2 bullfrog skeletons (D:6)
  A centaur skeleton (D:6)
  9 orc priests
  A sleepcap (D:6)
  Ijyb (D:5)
  3 iguanas
  18 orc wizards
  2 killer bee zombies (D:6)
  11 adders
  11 gnolls
  A howler monkey skeleton (D:6)
  A white imp (D:5)
  4 worms
  6 dart slugs
  62 orcs
  13 endoplasms
  3 giant cockroaches
  3 goblins
  10 hobgoblins
  7 jackals
  17 kobolds
  7 quokkas
  11 ball pythons
  7 bats
  5 frilled lizards
  6 rats
  A spectral orc (D:3)
417 creatures vanquished.

Vanquished Creatures (collateral kills)
  A centaur (D:11)
1 creature vanquished.

Vanquished Creatures (others)
  A human (Lair:3)
1 creature vanquished.

Grand Total: 419 creatures vanquished

Notes
Turn   | Place    | Note
-------+----------+-------------------------------------------
     0 | D:1      | mdonais the Octopode Hunter began the quest for the Orb.
     0 | D:1      | Reached XP level 1. HP: 14/14 MP: 1/1
    85 | D:1      | Reached XP level 2. HP: 19/19 MP: 2/2
   244 | D:1      | Reached XP level 3. HP: 24/25 MP: 3/3
   915 | D:2      | Reached XP level 4. HP: 30/30 MP: 4/4
   976 | D:2      | Identified the +9 sling "Aubergine" {freeze, Contam rC++
                  | Stlth+}
  1696 | D:3      | Found a hide-covered altar of Uskayaw.
  1703 | D:3      | Found Soheih's Armour Shoppe.
  1878 | D:3      | Reached XP level 5. HP: 36/36 MP: 5/5
  1883 | D:3      | Reached skill level 5 in Ranged Weapons
  2366 | D:3      | Found a basalt altar of Yredelemnul.
  2428 | D:3      | Became a worshipper of Uskayaw the Reveller
  2457 | D:4      | Reached * piety under Uskayaw
  2459 | D:4      | Reached ** piety under Uskayaw
  2460 | D:4      | Reached XP level 6. HP: 43/43 MP: 6/6
  2465 | D:4      | Reached *** piety under Uskayaw
  2842 | D:4      | Noticed Eustachio
  2881 | D:4      | Killed Eustachio
  2882 | D:4      | Reached skill level 5 in Fighting
  2882 | D:4      | Reached skill level 6 in Ranged Weapons
  2882 | D:4      | Reached XP level 7. HP: 50/50 MP: 7/7
  3164 | D:5      | Entered Level 5 of the Dungeon
  3242 | D:5      | Found a stormy altar of Qazlal.
  3473 | D:5      | Found a large runed translucent door.
  3474 | D:5      | Found a large runed translucent door.
  3486 | D:5      | Found a staircase to the Ecumenical Temple.
  3488 | D:5      | Noticed Ijyb
  3509 | D:5      | Reached skill level 7 in Ranged Weapons
  3603 | D:5      | Reached XP level 8. HP: 57/57 MP: 8/8
  4219 | D:6      | Noticed Duvessa
  4233 | D:6      | Noticed Maggie
  4245 | D:6      | Killed Maggie
  4246 | D:6      | Reached skill level 8 in Ranged Weapons
  4758 | D:6      | Reached **** piety under Uskayaw
  4837 | D:6      | Reached XP level 9. HP: 66/66 MP: 9/9
  4941 | D:6      | Reached skill level 9 in Ranged Weapons
  4997 | D:6      | Noticed Blork the orc
  5142 | D:6      | Found a broken altar of Ashenzari.
  5304 | D:6      | Killed Duvessa
  5311 | D:6      | Noticed Dowan
  5336 | D:6      | Killed Dowan
  5397 | D:6      | Found an ornate altar of the Wu Jian Council.
  5447 | D:6      | Killed Blork the orc
  5625 | D:7      | Reached skill level 1 in Invocations
  5673 | D:7      | Noticed a gargoyle
  5731 | D:7      | Reached skill level 10 in Ranged Weapons
  5871 | D:7      | Noticed Prince Ribbit
  5874 | D:7      | Killed Prince Ribbit
  5875 | D:7      | Reached XP level 10. HP: 74/74 MP: 11/11
  5934 | D:7      | Reached ***** piety under Uskayaw
  7144 | D:8      | Reached skill level 10 in Fighting
  7147 | D:8      | Reached skill level 5 in Stealth
  7202 | D:8      | Found a staircase to the Lair.
  7500 | D:8      | Reached skill level 5 in Dodging
  7500 | D:8      | Reached skill level 5 in Invocations
  7535 | D:8      | Reached skill level 11 in Ranged Weapons
  7535 | D:8      | Reached XP level 11. HP: 45/82 MP: 14/14
  7976 | D:8      | Found a transporter.
  7979 | D:8      | Noticed Tollund's ghost (novice TrSh)
  7979 | D:8      | Noticed a moth of wrath
  7996 | D:8      | Found a transporter.
  8088 | D:8      | Found a glowing golden altar of the Shining One.
  8212 | D:9      | Noticed Erolcha
  8220 | D:9      | Killed Erolcha
  8304 | D:9      | You fall into a shaft and drop 2 floors!
  8337 | D:11     | Noticed a two-headed ogre
  8499 | D:11     | Killed a two-headed ogre
  8561 | D:10     | Entered Level 10 of the Dungeon
  8649 | D:9      | Noticed a two-headed ogre
  8656 | D:9      | Killed a two-headed ogre
  8669 | D:9      | Reached ****** piety under Uskayaw
  8723 | D:9      | Found a staircase to the Orcish Mines.
  9111 | D:9      | Found a sacrificial altar of Ru.
  9417 | D:5      | Killed Ijyb
  9476 | D:5      | Found a radiant altar of Vehumet.
  9480 | D:5      | Found a white marble altar of Elyvilon.
  9892 | D:10     | Noticed a two-headed ogre
  9909 | D:10     | Killed a two-headed ogre
 10084 | D:10     | Noticed a cyan ugly thing
 10090 | D:10     | Killed a cyan ugly thing
 10293 | D:10     | Found an opulent altar of Gozag.
 10601 | D:10     | Noticed Nergalle
 10619 | D:10     | Killed Nergalle
 10620 | D:10     | Reached skill level 12 in Ranged Weapons
 10620 | D:10     | Reached XP level 12. HP: 79/90 MP: 17/17
 11064 | D:10     | Learned a level 5 spell: Borgnjor's Vile Clutch
 11398 | Lair:1   | Entered Level 1 of the Lair of Beasts
 11404 | Lair:1   | Reached skill level 1 in Evocations
 11533 | Lair:1   | Noticed a death yak
 11533 | Lair:1   | Noticed a death yak
 11543 | Lair:1   | Noticed a death yak
 11755 | Lair:1   | Killed a death yak
 11779 | Lair:1   | Killed a death yak
 11788 | Lair:1   | Killed a death yak
 12956 | Lair:2   | You fall into a shaft and drop 1 floor!
 13024 | Lair:3   | Found a staircase to the Snake Pit.
 13245 | Lair:2   | Reached skill level 13 in Ranged Weapons
 13710 | Lair:3   | Found a staircase to the Shoals.
 13823 | Lair:3   | Noticed Kirke
 13836 | Lair:3   | Killed Kirke
 13837 | Lair:3   | Reached XP level 13. HP: 96/96 MP: 19/19
 14403 | Lair:4   | Found a staircase to the Slime Pits.
 14404 | Lair:4   | Found a viscous altar of Jiyva.
 14498 | Lair:4   | Reached skill level 14 in Ranged Weapons
 14537 | Lair:4   | Reached skill level 1 in Necromancy
 14537 | Lair:4   | Reached skill level 1 in Earth Magic
 14551 | Lair:4   | Learned a level 4 spell: Animate Dead
 14555 | Lair:4   | Learned a level 3 spell: Vampiric Draining
 14648 | Lair:4   | Reached skill level 1 in Spellcasting
 15115 | Orc:1    | Entered Level 1 of the Orcish Mines
 15248 | Orc:1    | Learned a level 3 spell: Volatile Blastmotes
 15501 | Orc:1    | Upgraded the game from 0.31-a0-574-g69dc8cc98e to
                  | 0.31-a0-590-g8a5a4361df
 15511 | Orc:2    | Entered Level 2 of the Orcish Mines
 15568 | Orc:2    | Reached skill level 1 in Translocations
 15568 | Orc:2    | Reached skill level 1 in Fire Magic
 15901 | Orc:2    | Killed themself with a badly aimed concussive blast

Illustrated notes

Levels and vault maps discovered:
D:1:      lemuel_arrival_broad_hall, layout_basic
D:2:      layout_basic
D:3:      minmay_octagon_keep, layout_loops_ring, amcnicky_altar_gilded,
          yredelemnul_forgotten_temple_becter, serial_shops, shop
D:4:      layout_loops_ring, uniq_eustachio
D:5:      layout_basic, nicolae_qazlal_general_emergency, jmf_multi_god_temple2,
          minmay_temple_entry_gardened_gates, uniq_ijyb
D:6:      layout_rooms, mainiacjoe_overflow_catwalk_spiral, serial_undead,
          serial_undead_c, serial_undead_c, serial_undead_e, serial_undead_a,
          serial_undead_d, grunt_ministairs_6, glass_columns_a, uniq_duvessa,
          uniq_maggie, uniq_blork_the_orc
D:7:      layout_basic, kennysheep_generic_room_11, uniq_prince_ribbit1
D:8:      layout_basic, tso_oasis_becter, due_lair_maze_entry_diamond,
          gammafunk_ghost_berserking_beasts
D:9:      layout_loops_ring, nicolae_ru_path_of_blood, erik_orc_1, uniq_erolcha
D:10:     layout_layer_cave, kennysheep_little_box, uniq_nergalle
D:11:     layout_rooms
Lair:1:   layout_cellular_growth, patterned_corridor,
          infiniplex_staircase_pool_2, grunt_megastairs_3
Lair:2:   layout_regular_city, grunt_forest_large_clearings
Lair:3:   layout_loops_ring, elwin_shoals_entry_rocks, dummy_snake_entry,
          serial_bayou_shore_b, uniq_kirke
Lair:4:   layout_regular_city, slime_entry_1
Orc:1:    layout_caves, mines1_david
Orc:2:    hellmonk_orc_salted, layout_caves, biasface_ghost_orc_armoury

Skill      XL: |  1  2  3  4  5  6  7  8  9 10 11 12 13 |
---------------+----------------------------------------+-----
Stealth        | 2 3 4 5 7 |  7.0
Fighting       | 3 4 5 6 7 9 10 11 12 | 12.0
Ranged Weapons | 5 6 7 8 10 11 12 13 14 | 14.0
Invocations    | 2 5 7 9 |  9.0
Dodging        | 3 5 7 8 |  8.0
Evocations     | 3 |  3.0
Necromancy     | 1 |  1.1
Earth Magic    | 1 |  1.1
Spellcasting   | 3 |  3.1
Translocations | 2 |  2.9
Fire Magic     | 2 |  2.9

Action                     |  1- 3 |  4- 6 |  7- 9 | 10-12 | 13-15 || total
---------------------------+-------+-------+-------+-------+-------++-------
  Melee: Short sword       |    16 |     1 |       |       |       ||    17
         Constrict         |     2 |       |       |       |       ||     2
         Tentacles         |     1 |     1 |       |       |       ||     2
         Sling             |       |       |       |     1 |     1 ||     2
   Fire: Shortbow          |    88 |     9 |       |       |       ||    97
         Sling             |       |   116 |   234 |   628 |   236 ||  1214
   Cast: Volatile Blastmot |       |       |       |       |     7 ||     7
 Invoke: Line Pass         |       |       |       |     1 |       ||     1
  Evoke: Wand              |       |       |       |     7 |       ||     7
    Use: Scroll            |       |       |       |    14 |       ||    14
         Potion            |       |       |       |     3 |       ||     3
 Armour: Skin              |     2 |       |     6 |     1 |     1 ||    10
  Dodge: Dodged            |    24 |     9 |    44 |    77 |    66 ||   220

Table legend: (Time is in decaauts)
 A = Elapsed time spent in this place.
 B = Non-inter-level travel time spent in this place.
 C = Inter-level travel time spent in this place.
 D = Time resting spent in this place.
 E = Time spent auto-exploring this place.
 F = Levels seen in this place.
 G = Mean time per level.
                   A        B        C        D        E       F      G
               +--------+--------+--------+--------+--------+-----+--------+
         Total |  15760 |  14882 |    878 |    605 |  11957 |  17 |  927.1 |
       Dungeon |  11517 |  10830 |    687 |    541 |   8699 |  11 | 1047.0 |
          Lair |   3602 |   3424 |    178 |     57 |   2883 |   4 |  900.5 |
  Orcish Mines |    640 |    629 |     11 |      7 |    375 |   2 |  320.0 |
               +--------+--------+--------+--------+--------+-----+--------+

Top non-repeatable levels by time:
     D:8: 1574 daAuts
    D:10: 1378 daAuts
     D:5: 1291 daAuts
  Lair:1: 1283 daAuts
     D:6: 1238 daAuts
     D:7: 1234 daAuts
     D:9: 1096 daAuts
  Lair:3: 896 daAuts
     D:3: 869 daAuts
     D:2: 826 daAuts
     D:1: 772 daAuts
     D:4: 726 daAuts
  Lair:2: 716 daAuts
  Lair:4: 706 daAuts
    D:11: 509 daAuts
